 Dungeon Crawl Stone Soup version 0.30.0-21-gd299b56b3f (webtiles) character file.

Game seed: 7418210419258156780

38645 qw the Severer (level 14, -4/90 HPs)
             Began as a Gargoyle Fighter on June 2, 2023.
             Was an Elder of Okawaru.
             Killed from afar by a ynoxinul (29 damage)
             ... with an iron shot
             ... on level 5 of the Lair of Beasts.
             The game lasted 00:09:37 (17445 turns).

qw the Severer (Gargoyle Fighter)                  Turns: 17445, Time: 00:09:38

Health: -4/90      AC: 36    Str: 25    XL:     14   Next: 3%
Magic:  21/21      EV:  9    Int:  9    God:    Okawaru [****..]
Gold:   601        SH:  6    Dex:  9    Spells: 13/13 levels left

rFire   + . .        Y - +1 war axe (heavy)
rCold   . . .        c - +0 buckler
rNeg    + . .        g - +0 plate armour
rPois   inf          o - +1 helmet
rElec   +            m - +0 cloak
rCorr   .            n - +1 pair of gloves
SInv    +            k - +0 pair of boots
Will    +....        (no amulet) Stlth
                     t - ring of see invisible
HPRegen 0.35/turn    s - ring of protection from fire
MPRegen 0.17/turn

%: no passive effects
@: heroic, flying
A: sickness immunity, AC +10, big wings, negative energy resistance 1,
electricity resistance, torment resistance 1, petrification resistance
a: Renounce Religion, Heroism, Finesse


You were on level 5 of the Lair of Beasts.
You worshipped Okawaru.
Okawaru was greatly pleased with you.
You visited 3 branches of the dungeon, and saw 17 of its levels.

You collected 962 gold pieces.
You spent 361 gold pieces at shops.


Innate Abilities, Weirdness & Mutations

You are immune to sickness and miasma.
Your stone body is resilient. (AC +10)
You are immune to poison.
Your large and strong wings let you fly.
You resist negative energy. (rN+)
You are resistant to electric shocks. (rElec)
You are resistant to unholy torment.
You are immune to petrification.


   Skills:
 + Level 11.0(16.0) Fighting
 - Level 15.0(20.0) Axes
 - Level 2.2(7.2) Throwing
 - Level 11.0(16.0) Armour
 - Level 2.2(7.2) Dodging
 - Level 7.1(12.1) Shields
 + Level 9.9 Invocations


You had 13 spell levels left.
You didn't know any spells.
Your spell library was empty.

Inventory:

Hand Weapons
 w - a +5 morningstar
 Y - a +1 heavy war axe (weapon)
Armour
 c - a +0 buckler (worn)
 g - a +0 plate armour (worn)
 k - a +0 pair of boots (worn)
 m - a +0 cloak (worn)
 n - a +1 pair of gloves (worn)
 o - a +1 helmet (worn)
Jewellery
 j - a ring of protection from fire
 l - a ring of positive energy
 s - a ring of protection from fire (right hand)
 t - a ring of see invisible (left hand)
 u - the ring "Cacvohuo" {rPois rF- rC+ rN++ Int+6}
   (You found it on level 6 of the Dungeon)

   [ring of intelligence]

   Int:       It affects your intelligence (+6).
   rF:        It makes you vulnerable to fire.
   rC:        It protects you from cold.
   rPois:     It protects you from poison.
   rN:        It greatly protects you from negative energy.
 x - a ring of protection from cold
Scrolls
 f - 3 scrolls of teleportation
 h - 2 scrolls of identify
Potions
 a - 8 potions of curing
 d - 5 potions of might
 e - a potion of haste
 i - 2 potions of lignification
 p - 3 potions of attraction
 r - a potion of cancellation
 v - a potion of mutation

Dungeon Overview and Level Annotations

Branches:
Dungeon (11/15)            Temple (1/1) D:7            Lair (5/5) D:11
  Swamp (0/4) Lair:2        Snake (0/4) Lair:2          Orc (0/2) D:10
  Slime: Lair:4-5

Altars:
Ashenzari
Cheibriados
Dithmenos
Elyvilon
Fedhas
Gozag
Hepliaklqana
Kikubaaqudgha
Makhleb
Nemelex Xobeh
Okawaru
Qazlal
Ru
Sif Muna
Trog
Uskayaw
Vehumet
Wu Jian
Xom
Yredelemnul
Zin
The Shining One

Shops:
D:6 :*!

Annotations:
Lair:3 2 transporters


Message History

The blink frog blinks!
You slash the small abomination!
You destroy the small abomination!
Okawaru accepts your kill.
The blink frog blinks!
Your base Axes skill increases to level 15!
You start resting.
A blink frog is nearby!
You slice the blink frog!!
You kill the blink frog!
Okawaru accepts your kill.
You start resting.
Magic restored.
You start resting.
A ynoxinul comes into view.
The ynoxinul bellows!
You hear an angry hiss.
Enter note:
17440 ||| Stepping ~*~*~tactically~*~*~ (hiding).
A smoke demon comes into view.
Found a spriggan skeleton.
The smoke demon roars!
The smoke demon gestures at you. Something smites you!
Enter note:
17441 ||| Stepping ~*~*~tactically~*~*~ (hiding).
Enter note: You block the ynoxinul's attack.
You slash the ynoxinul!
The ynoxinul is moderately wounded.
The ynoxinul closely misses you. The smoke demon gestures at you.
Something smites you!
You slice the ynoxinul!!
The ynoxinul is almost dead.
The ynoxinul closely misses you.
You completely miss the ynoxinul.
The ynoxinul is almost dead.
The ynoxinul gestures at you. The iron shot hits you!!
You die...

777....77
7.......77777777
77...77........77
77..7777........
7..!777...77..7
7.7777.(.77 .
77777..(77
77.....77
73.3@..77
7....77...7
.....7 777...7
...77 7...7 ..
...%. . .....
7.77


77 You could see a smoke demon and a ynoxinul.

Vanquished Creatures
  A hydra (Lair:4)
  A two-headed ogre (D:9)
  Pikel (D:8)
  A cyclops (D:11)
  2 black mambas
  13 elephants
  A gargoyle (D:11)
  11 cane toads
  3 rime drakes
  4 komodo dragons
  2 ice devils (Lair:2)
  A freezing wraith (Lair:3)
  A troll (D:11)
  An ancient zyme (Lair:5)
  4 polar bears (Lair:3)
  6 dream sheep (Lair:5)
  19 blink frogs
  Sigmund (D:6)
  2 wyverns
  50 yaks
  4 basilisks
  4 steam dragons
  A chaos spawn (Lair:5)
  9 vampire mosquitoes
  An acid dragon (D:9)
  4 nagas (Lair:2)
  A large abomination (Lair:5)
  6 small abominations (Lair:5)
  14 water moccasins
  Duvessa (D:6)
  9 orc warriors
  7 black bears
  6 wolves (Lair:1)
  2 ice beasts (Lair:3)
  3 centaurs
  An ogre (D:6)
  A lemure (D:8)
  2 phantoms
  A kobold brigand (D:7)
  5 scorpions
  19 bullfrogs
  A gnoll sergeant (D:11)
  Dowan (D:6)
  16 wights
  7 howler monkeys
  2 electric eels (Lair:1)
  2 vampire bats (D:7)
  13 orc priests
  A hound (D:3)
  A gnoll bouda (D:9)
  4 iguanas
  A sleepcap (D:6)
  16 orc wizards
  15 gnolls
  8 adders
  4 white imps
  3 ufetubi
  2 adder zombies (D:2)
  A worm (D:2)
  4 dart slugs
  48 orcs
  7 ball pythons
  4 bats
  6 bat skeletons
  2 bat zombies (D:7)
  7 endoplasms
  3 giant cockroaches
  9 goblins
  7 hobgoblins
  3 jackals (D:4)
  5 quokkas
  A ball python skeleton (D:2)
  4 frilled lizards
  A jackal skeleton (D:2)
  9 kobolds
  8 rats
452 creatures vanquished.

Vanquished Creatures (others)
  A gnoll (D:6)
1 creature vanquished.

Grand Total: 453 creatures vanquished

Notes
Turn   | Place    | Note
-------+----------+-------------------------------------------
     0 | D:1      | qw the Gargoyle Fighter began the quest for the Orb.
     0 | D:1      | Reached XP level 1. HP: 14/14 MP: 1/1
     0 | D:1      | 0 ||| qw: Version: 0.2-a-102-gdf20003
     0 | D:1      | 0 ||| qw: Game counter: 877
     0 | D:1      | 0 ||| qw: Always use a shield: true
     0 | D:1      | 0 ||| qw: God list: Okawaru
     0 | D:1      | 0 ||| qw: Allow faded altars: false
     0 | D:1      | 0 ||| qw: Do Orc after D:15 true
     0 | D:1      | 0 ||| qw: Do second Lair branch before Depths: true
     0 | D:1      | 0 ||| qw: Lair rune preference: random
     0 | D:1      | 0 ||| qw: Plans: Normal, Zot:1-4, Slime:5, God:TSO, Crypt,
                  | Tomb, Pan, Hells, Abyss, Win
     0 | D:1      | 0 ||| PLANNING D:1-11
    55 | D:1      | Reached skill level 2 in Axes
   210 | D:1      | Reached XP level 2. HP: 19/19 MP: 2/2
   391 | D:1      | Reached skill level 3 in Axes
   393 | D:1      | 393 ||| READING scroll labelled TOTHRI ESAQOFUI.
   394 | D:1      | 394 ||| READING scroll labelled VYQOTH KYSKUZ.
   597 | D:1      | Reached XP level 3. HP: 23/23 MP: 3/3
   973 | D:1      | 973 ||| UPGRADING to +0 chain mail.
   983 | D:1      | 983 ||| DROPPING +0 scale mail.
   984 | D:1      | 984 ||| READING scroll labelled MUCESI HYEREUC.
   985 | D:1      | 985 ||| READING scroll labelled TYSI IDATRIE.
   986 | D:1      | 986 ||| READING scroll labelled MAAMOY VIANUAGGI.
   987 | D:1      | 987 ||| READING scroll labelled RUWIAGR UFFEL.
   992 | D:1      | 992 ||| READING scroll labelled DOWKUC OROAW.
  1171 | D:2      | 1171 ||| Stepping ~*~*~tactically~*~*~ (stealth).
  1236 | D:2      | Reached XP level 4. HP: 28/28 MP: 4/4
  1320 | D:2      | Reached skill level 4 in Axes
  1366 | D:2      | 1366 ||| Stepping ~*~*~tactically~*~*~ (hiding).
  1597 | D:2      | 1597 ||| Stepping ~*~*~tactically~*~*~ (stealth).
  1714 | D:2      | 1714 ||| UPGRADING to +0 pair of boots.
  1719 | D:2      | 1719 ||| DROPPING +2 ring mail of poison resistance.
  1720 | D:2      | 1720 ||| READING scroll labelled HUROEXOHAH.
  1721 | D:2      | 1721 ||| DRINKING 2 purple potions.
  1722 | D:2      | 1722 ||| DRINKING 2 orange potions.
  1723 | D:2      | 1723 ||| DROPPING potion of flight.
  1771 | D:3      | Found a faded altar of an unknown god.
  1835 | D:3      | 1835 ||| Stepping ~*~*~tactically~*~*~ (stealth).
  1862 | D:3      | 1862 ||| Stepping ~*~*~tactically~*~*~ (hiding).
  2265 | D:3      | Found a sparkling altar of Nemelex Xobeh.
  2278 | D:3      | 2278 ||| UPGRADING to +0 helmet.
  2283 | D:3      | 2283 ||| UPGRADING to +0 cloak.
  2288 | D:3      | 2288 ||| READING scroll labelled LATIGR UMPODEY.
  2322 | D:4      | Noticed a bullfrog
  2329 | D:4      | 2329 ||| STAIRDANCE
  2332 | D:3      | Killed a bullfrog
  2333 | D:3      | Reached skill level 5 in Axes
  2333 | D:3      | Reached XP level 5. HP: 30/32 MP: 5/5
  2351 | D:3      | 2351 ||| DROPPING +0 club.
  2364 | D:4      | Reached XP level 6. HP: 36/38 MP: 6/6
  2370 | D:4      | 2370 ||| STAIRDANCE
  2433 | D:4      | Identified the +2 robe of Contumacious Joy {*Corrode rPois
                  | rC++ Regen+}
  2473 | D:4      | Found a glowing silver altar of Zin.
  2511 | D:4      | Found a shimmering blue altar of Sif Muna.
  2516 | D:4      | Found a burning altar of Makhleb.
  2601 | D:4      | 2601 ||| Stepping ~*~*~tactically~*~*~ (stealth).
  2602 | D:4      | 2602 ||| Stepping ~*~*~tactically~*~*~ (stealth).
  2745 | D:4      | Identified the +4 ring mail "Hihaz" {-Cast Harm rN+++
                  | Str-2}
  2820 | D:4      | 2820 ||| Stepping ~*~*~tactically~*~*~ (hiding).
  2826 | D:4      | Reached skill level 6 in Axes
  2917 | D:4      | 2917 ||| DROPPING +4 ring mail "Hihaz" {-Cast Harm rN+++
                  | Str-2}.
  2918 | D:4      | 2918 ||| READING 2 scrolls labelled CIMADUD NYUFEIREO.
  2919 | D:4      | 2919 ||| READING scroll labelled SEOROMPA ICA UWN.
  2920 | D:4      | 2920 ||| READING scroll labelled ASI EMPUAJE.
  2921 | D:4      | 2921 ||| READING scroll labelled LEIRUFF UNWISCH.
  2939 | D:5      | Entered Level 5 of the Dungeon
  2948 | D:5      | Reached skill level 1 in Dodging
  2959 | D:5      | 2959 ||| DRINKING 5 potions of curing.
  2959 | D:5      | 2959 ||| (to cure confusion)
  2964 | D:5      | Reached XP level 7. HP: 43/43 MP: 7/7
  3069 | D:5      | 3069 ||| Stepping ~*~*~tactically~*~*~ (hiding).
  3090 | D:5      | Found a hide-covered altar of Uskayaw.
  3148 | D:5      | Reached skill level 7 in Axes
  3160 | D:5      | Found a broken altar of Ashenzari.
  3214 | D:5      | Found an ornate altar of the Wu Jian Council.
  3558 | D:5      | 3558 ||| UPGRADING to +1 helmet.
  3568 | D:5      | 3568 ||| DROPPING +0 helmet.
  3569 | D:5      | 3569 ||| READING 2 scrolls of identify.
  3569 | D:5      | 3569 ||| IDENTIFYING fuming cyan potion
  3596 | D:6      | Reached XP level 8. HP: 50/50 MP: 8/8
  3609 | D:6      | 3609 ||| Stepping ~*~*~tactically~*~*~ (stealth).
  3610 | D:6      | 3610 ||| Stepping ~*~*~tactically~*~*~ (stealth).
  3641 | D:6      | Found a stormy altar of Qazlal.
  3737 | D:6      | Reached skill level 1 in Throwing
  3910 | D:6      | Noticed Duvessa
  3912 | D:6      | Noticed Dowan
  3926 | D:6      | Killed Duvessa
  3932 | D:6      | Killed Dowan
  4034 | D:6      | Found Naust's Assorted Antiques.
  4037 | D:6      | Found Goese's Book Shop.
  4037 | D:6      | Found Radukhly's Distillery.
  4047 | D:6      | 4047 ||| BUYING potion of curing (90 gold).
  4047 | D:6      | Bought a potion of curing for 90 gold pieces
  4047 | D:6      | 4047 ||| BUYING potion of curing (90 gold).
  4047 | D:6      | Bought a potion of curing for 90 gold pieces
  4047 | D:6      | 4047 ||| BUYING scroll of identify (60 gold).
  4047 | D:6      | Bought a scroll of identify for 60 gold pieces
  4047 | D:6      | 4047 ||| SHOPLISTING short fluorescent wand (120 gold, have
                  | 96).
  4047 | D:6      | 4047 ||| SHOPLISTING tubular diamond ring (150 gold, have
                  | 96).
  4047 | D:6      | 4047 ||| SHOPLISTING wooden wand (120 gold, have 96).
  4258 | D:6      | Found a shimmering altar of Xom.
  4263 | D:6      | 4263 ||| FLEEEEING.
  4275 | D:6      | Reached skill level 8 in Axes
  4301 | D:6      | Identified the ring "Cacvohuo" {rPois rF- rC+ rN++ Int+6}
  4377 | D:6      | 4377 ||| Stepping ~*~*~tactically~*~*~ (hiding).
  4396 | D:6      | HP: 12/51 [steam dragon/ball of steam (11)]
  4397 | D:6      | 4397 ||| READING 3 scrolls of teleportation.
  4399 | D:6      | Reached skill level 6 in Fighting
  4399 | D:6      | HP: 4/51 [steam dragon (9)]
  4593 | D:6      | 4593 ||| Stepping ~*~*~tactically~*~*~ (cloud).
  4601 | D:6      | HP: 12/51 [steam dragon] (3)]
  4602 | D:6      | 4602 ||| READING 2 scrolls of teleportation.
  4818 | D:6      | 4818 ||| Stepping ~*~*~tactically~*~*~ (cloud).
  4819 | D:6      | 4819 ||| Stepping ~*~*~tactically~*~*~ (cloud).
  4954 | D:6      | Noticed Sigmund
  4955 | D:6      | 4955 ||| Stepping ~*~*~tactically~*~*~ (stealth).
  4957 | D:6      | 4957 ||| Stepping ~*~*~tactically~*~*~ (hiding).
  4973 | D:6      | Killed Sigmund
  4974 | D:6      | Reached skill level 9 in Axes
  4974 | D:6      | Reached XP level 9. HP: 55/55 MP: 9/9
  5080 | D:6      | 5080 ||| DROPPING ring of wizardry.
  5081 | D:6      | 5081 ||| UPGRADING to ring of see invisible.
  5082 | D:6      | 5082 ||| UPGRADING to ring "Cacvohuo" {rPois rF- rC+ rN++
                  | Int+6}.
  5083 | D:6      | 5083 ||| DRINKING 2 inky potions.
  5084 | D:6      | 5084 ||| READING 2 scrolls of identify.
  5084 | D:6      | 5084 ||| IDENTIFYING fizzy grey potion
  5133 | D:6      | 5133 ||| BUYING potion of attraction (33 gold).
  5133 | D:6      | Bought a potion of attraction for 33 gold pieces
  5133 | D:6      | 5133 ||| BUYING potion of cancellation (88 gold).
  5133 | D:6      | Bought a potion of cancellation for 88 gold pieces
  5133 | D:6      | 5133 ||| SHOPLISTING potion of heal wounds (55 gold, have
                  | 33).
  5175 | D:7      | Found a blossoming altar of Fedhas.
  5176 | D:7      | 5176 ||| STAIRDANCE
  5287 | D:7      | 5287 ||| DRINKING 6 potions of curing.
  5287 | D:7      | 5287 ||| (to cure confusion)
  5291 | D:7      | 5291 ||| STAIRDANCE
  5408 | D:7      | 5408 ||| Stepping ~*~*~tactically~*~*~ (stealth).
  5423 | D:7      | 5423 ||| FLEEEEING.
  5424 | D:7      | 5424 ||| STAIRDANCE
  5476 | D:7      | 5476 ||| Stepping ~*~*~tactically~*~*~ (stealth).
  5510 | D:7      | 5510 ||| DROPPING +0 flail.
  5659 | D:7      | 5659 ||| Stepping ~*~*~tactically~*~*~ (stealth).
  5661 | D:7      | 5661 ||| Stepping ~*~*~tactically~*~*~ (stealth).
  5672 | D:7      | 5672 ||| Stepping ~*~*~tactically~*~*~ (hiding).
  5760 | D:7      | Found an ancient bone altar of Kikubaaqudgha.
  5798 | D:7      | Found a staircase to the Ecumenical Temple.
  5799 | D:7      | 5799 ||| PLANNING TEMPLE
  5799 | D:7      | 5799 ||| Stepping ~*~*~tactically~*~*~ (stealth).
  5803 | D:7      | 5803 ||| Stepping ~*~*~tactically~*~*~ (hiding).
  5812 | D:7      | HP: 13/57 [wyvern (10)]
  5813 | D:7      | 5813 ||| READING scroll of teleportation.
  5814 | D:7      | 5814 ||| DRINKING potion of heal wounds.
  5981 | Temple   | Entered the Ecumenical Temple
  6153 | Temple   | 6153 ||| PLANNING D:1-11
  6205 | D:7      | 6205 ||| DRINKING 5 potions of curing.
  6205 | D:7      | 6205 ||| (to cure confusion)
  6284 | D:7      | 6284 ||| Stepping ~*~*~tactically~*~*~ (stealth).
  6295 | D:7      | Found a basalt altar of Yredelemnul.
  6296 | D:7      | 6296 ||| Stepping ~*~*~tactically~*~*~ (stealth).
  6308 | D:7      | Reached skill level 10 in Axes
  6373 | D:7      | 6373 ||| Stepping ~*~*~tactically~*~*~ (stealth).
  6375 | D:7      | 6375 ||| Stepping ~*~*~tactically~*~*~ (hiding).
  6521 | D:7      | Reached skill level 6 in Armour
  6845 | D:7      | Found a white marble altar of Elyvilon.
  7051 | D:8      | Reached XP level 10. HP: 44/64 MP: 10/10
  7131 | D:8      | 7131 ||| Stepping ~*~*~tactically~*~*~ (stealth).
  7132 | D:8      | 7132 ||| Stepping ~*~*~tactically~*~*~ (stealth).
  7133 | D:8      | 7133 ||| Stepping ~*~*~tactically~*~*~ (stealth).
  7237 | D:8      | Noticed Pikel
  7255 | D:8      | Killed Pikel
  7256 | D:8      | Reached skill level 6 in Shields
  7263 | D:8      | Found a sacrificial altar of Ru.
  7378 | D:8      | You fall into a shaft and drop 2 floors!
  7378 | D:10     | Entered Level 10 of the Dungeon
  7397 | D:10     | 7397 ||| UPGRADING to +0 plate armour.
  7407 | D:10     | 7407 ||| DROPPING +0 chain mail.
  7408 | D:10     | 7408 ||| DROPPING +2 robe of Contumacious Joy {*Corrode
                  | rPois rC++ Regen+}.
  7409 | D:10     | 7409 ||| READING scroll labelled AQICVI ESMYIGG.
  7410 | D:10     | 7410 ||| DRINKING 2 metallic grey potions.
  7411 | D:10     | 7411 ||| DROPPING potion of degeneration.
  7444 | D:9      | 7444 ||| Stepping ~*~*~tactically~*~*~ (hiding).
  7455 | D:9      | Noticed a two-headed ogre
  7465 | D:9      | HP: 11/64 [two-headed ogre/+0 giant club (10)]
  7466 | D:9      | Killed a two-headed ogre
  7717 | D:9      | 7717 ||| READING 2 scrolls of identify.
  7717 | D:9      | 7717 ||| IDENTIFYING cyan potion
  7718 | D:9      | 7718 ||| DROPPING potion of invisibility.
  8091 | D:9      | 8091 ||| Stepping ~*~*~tactically~*~*~ (cloud).
  8357 | D:9      | Found an iron altar of Okawaru.
  8358 | D:9      | 8358 ||| PLANNING OKAWARU WORSHIP
  8362 | D:9      | Became a worshipper of Warmaster Okawaru
  8362 | D:9      | 8362 ||| PLANNING D:1-11
  8371 | D:9      | 8371 ||| Stepping ~*~*~tactically~*~*~ (hiding).
  8387 | D:9      | Reached skill level 11 in Axes
  8392 | D:9      | 8392 ||| FLEEEEING.
  8393 | D:9      | 8393 ||| FLEEEEING.
  8394 | D:9      | 8394 ||| FLEEEEING.
  8395 | D:9      | 8395 ||| FLEEEEING.
  8396 | D:9      | 8396 ||| FLEEEEING.
  8397 | D:9      | 8397 ||| FLEEEEING.
  8398 | D:9      | 8398 ||| FLEEEEING.
  8399 | D:9      | 8399 ||| FLEEEEING.
  8400 | D:9      | 8400 ||| FLEEEEING.
  8401 | D:9      | 8401 ||| FLEEEEING.
  8402 | D:9      | 8402 ||| FLEEEEING.
  8403 | D:9      | 8403 ||| FLEEEEING.
  8404 | D:9      | 8404 ||| FLEEEEING.
  8405 | D:9      | 8405 ||| FLEEEEING.
  8406 | D:9      | 8406 ||| FLEEEEING.
  8407 | D:9      | 8407 ||| FLEEEEING.
  8408 | D:9      | 8408 ||| FLEEEEING.
  8409 | D:9      | 8409 ||| FLEEEEING.
  8410 | D:9      | 8410 ||| FLEEEEING.
  8411 | D:9      | 8411 ||| FLEEEEING.
  8579 | D:9      | Identified the +2 dagger of Tenacity {heavy, Fragile Int+6
                  | Stlth+}
  8639 | D:9      | 8639 ||| Stepping ~*~*~tactically~*~*~ (hiding).
  8708 | D:9      | Reached * piety under Okawaru
  8711 | D:9      | Reached XP level 11. HP: 58/69 MP: 11/11
  8713 | D:9      | 8713 ||| FLEEEEING.
  8715 | D:9      | 8715 ||| STAIRDANCE
  8744 | D:8      | 8744 ||| READING 2 scrolls of identify.
  8744 | D:8      | 8744 ||| IDENTIFYING smoky emerald potion
  8754 | D:9      | 8754 ||| INVOKING Heroism.
  8763 | D:9      | Reached skill level 9 in Fighting
  8842 | D:9      | Found a hazy altar of Hepliaklqana.
  8882 | D:9      | Reached skill level 1 in Invocations
  8882 | D:9      | 8882 ||| INVOKING Heroism.
  8899 | D:9      | 8899 ||| INVOKING Heroism.
  8903 | D:9      | Reached skill level 3 in Invocations
  9168 | D:9      | 9168 ||| Stepping ~*~*~tactically~*~*~ (hiding).
  9169 | D:9      | 9169 ||| Stepping ~*~*~tactically~*~*~ (hiding).
  9174 | D:9      | 9174 ||| INVOKING Heroism.
  9337 | D:10     | 9337 ||| Stepping ~*~*~tactically~*~*~ (stealth).
  9632 | D:10     | 9632 ||| INVOKING Heroism.
  9633 | D:10     | 9633 ||| Stepping ~*~*~tactically~*~*~ (cloud).
  9696 | D:10     | 9696 ||| Stepping ~*~*~tactically~*~*~ (stealth).
  9697 | D:10     | 9697 ||| Stepping ~*~*~tactically~*~*~ (hiding).
  9699 | D:10     | 9699 ||| INVOKING Heroism.
  9723 | D:10     | 9723 ||| Stepping ~*~*~tactically~*~*~ (stealth).
  9739 | D:10     | 9739 ||| FLEEEEING.
  9740 | D:10     | 9740 ||| FLEEEEING.
  9741 | D:10     | 9741 ||| FLEEEEING.
  9742 | D:10     | 9742 ||| FLEEEEING.
  9743 | D:10     | 9743 ||| FLEEEEING.
  9744 | D:10     | 9744 ||| FLEEEEING.
  9745 | D:10     | 9745 ||| FLEEEEING.
  9746 | D:10     | 9746 ||| FLEEEEING.
  9747 | D:10     | 9747 ||| FLEEEEING.
  9777 | D:10     | 9777 ||| Stepping ~*~*~tactically~*~*~ (stealth).
  9781 | D:10     | 9781 ||| Stepping ~*~*~tactically~*~*~ (hiding).
  9783 | D:10     | 9783 ||| Stepping ~*~*~tactically~*~*~ (hiding).
  9784 | D:10     | 9784 ||| Stepping ~*~*~tactically~*~*~ (hiding).
  9785 | D:10     | 9785 ||| Stepping ~*~*~tactically~*~*~ (hiding).
  9786 | D:10     | 9786 ||| Stepping ~*~*~tactically~*~*~ (hiding).
  9908 | D:10     | 9908 ||| Stepping ~*~*~tactically~*~*~ (stealth).
  9998 | D:10     | 9998 ||| Stepping ~*~*~tactically~*~*~ (stealth).
 10059 | D:10     | 10059 ||| Stepping ~*~*~tactically~*~*~ (stealth).
 10071 | D:10     | 10071 ||| INVOKING Heroism.
 10081 | D:10     | HP: 10/71 [vampire mosquito (8)]
 10082 | D:10     | HP: 2/71 [vampire mosquito (9)]
 10085 | D:10     | Reached skill level 12 in Axes
 10690 | D:10     | 10690 ||| INVOKING Heroism.
 10714 | D:10     | Found a staircase to the Orcish Mines.
 10715 | D:10     | 10715 ||| Stepping ~*~*~tactically~*~*~ (stealth).
 10717 | D:10     | 10717 ||| INVOKING Heroism.
 10750 | D:10     | 10750 ||| Stepping ~*~*~tactically~*~*~ (stealth).
 11035 | D:11     | 11035 ||| INVOKING Heroism.
 11037 | D:11     | 11037 ||| Stepping ~*~*~tactically~*~*~ (stealth).
 11060 | D:11     | Reached ** piety under Okawaru
 11068 | D:11     | 11068 ||| STAIRDANCE
 11079 | D:10     | Reached skill level 9 in Armour
 11163 | D:11     | Noticed a cyclops
 11164 | D:11     | 11164 ||| INVOKING Heroism.
 11173 | D:11     | Killed a cyclops
 11311 | D:11     | 11311 ||| INVOKING Heroism.
 11329 | D:11     | 11329 ||| Stepping ~*~*~tactically~*~*~ (stealth).
 11339 | D:11     | 11339 ||| Stepping ~*~*~tactically~*~*~ (stealth).
 11358 | D:11     | 11358 ||| INVOKING Heroism.
 11365 | D:11     | 11365 ||| Stepping ~*~*~tactically~*~*~ (stealth).
 11418 | D:11     | 11418 ||| FLEEEEING.
 11425 | D:11     | 11425 ||| INVOKING Heroism.
 11560 | D:11     | Found a staircase to the Lair.
 11670 | D:11     | 11670 ||| Stepping ~*~*~tactically~*~*~ (hiding).
 11672 | D:11     | 11672 ||| Stepping ~*~*~tactically~*~*~ (hiding).
 11781 | D:11     | 11781 ||| Stepping ~*~*~tactically~*~*~ (hiding).
 12016 | D:11     | 12016 ||| PLANNING LAIR
 12016 | D:11     | 12016 ||| UPGRADING to +1 pair of gloves.
 12021 | D:11     | 12021 ||| UPGRADING to ring of protection from fire.
 12073 | Lair:1   | Entered Level 1 of the Lair of Beasts
 12074 | Lair:1   | 12074 ||| INVOKING Heroism.
 12082 | Lair:1   | Reached XP level 12. HP: 77/77 MP: 12/15
 12127 | Lair:1   | 12127 ||| SWAPPING to +1 heavy war axe.
 12128 | Lair:1   | 12128 ||| DROPPING +1 war axe.
 12146 | Lair:1   | 12146 ||| Stepping ~*~*~tactically~*~*~ (stealth).
 12163 | Lair:1   | 12163 ||| INVOKING Heroism.
 12203 | Lair:1   | 12203 ||| Stepping ~*~*~tactically~*~*~ (stealth).
 12208 | Lair:1   | 12208 ||| INVOKING Heroism.
 12337 | Lair:1   | 12337 ||| Stepping ~*~*~tactically~*~*~ (stealth).
 12526 | Lair:1   | 12526 ||| INVOKING Heroism.
 12533 | Lair:1   | Reached skill level 13 in Axes
 12678 | Lair:1   | 12678 ||| INVOKING Heroism.
 13121 | Lair:1   | 13121 ||| DROPPING ring of ice.
 13122 | Lair:1   | 13122 ||| READING scroll labelled FARYPIE PUOXOF.
 13357 | Lair:2   | 13357 ||| INVOKING Heroism.
 13415 | Lair:2   | Found a staircase to the Swamp.
 13429 | Lair:2   | Reached *** piety under Okawaru
 13555 | Lair:2   | 13555 ||| INVOKING Heroism.
 13970 | Lair:2   | 13970 ||| Stepping ~*~*~tactically~*~*~ (stealth).
 13973 | Lair:2   | 13973 ||| Stepping ~*~*~tactically~*~*~ (stealth).
 13992 | Lair:2   | 13992 ||| INVOKING Heroism.
 13998 | Lair:2   | Reached skill level 14 in Axes
 14118 | Lair:2   | Found a staircase to the Snake Pit.
 14122 | Lair:2   | Reached **** piety under Okawaru
 14128 | Lair:2   | 14128 ||| INVOKING Heroism.
 14134 | Lair:2   | HP: 16/77 [cane toad (5)]
 14135 | Lair:2   | 14135 ||| READING 2 scrolls of teleportation.
 14425 | Lair:2   | Identified the +6 long sword "Myfel" {protect, Drain rF+
                  | rCorr SInv}
 14517 | Lair:2   | 14517 ||| INVOKING Heroism.
 14830 | Lair:3   | 14830 ||| Stepping ~*~*~tactically~*~*~ (hiding).
 14853 | Lair:3   | Reached XP level 13. HP: 56/83 MP: 16/16
 14853 | Lair:3   | 14853 ||| INVOKING Heroism.
 14867 | Lair:3   | 14867 ||| Stepping ~*~*~tactically~*~*~ (stealth).
 14868 | Lair:3   | 14868 ||| Stepping ~*~*~tactically~*~*~ (stealth).
 14880 | Lair:3   | 14880 ||| Stepping ~*~*~tactically~*~*~ (stealth).
 14883 | Lair:3   | 14883 ||| FLEEEEING.
 14885 | Lair:3   | 14885 ||| STAIRDANCE
 14941 | Lair:3   | 14941 ||| Stepping ~*~*~tactically~*~*~ (stealth).
 14972 | Lair:3   | Reached skill level 6 in Invocations
 14981 | Lair:3   | 14981 ||| FLEEEEING.
 14982 | Lair:3   | 14982 ||| FLEEEEING.
 14984 | Lair:3   | 14984 ||| FLEEEEING.
 14985 | Lair:3   | 14985 ||| FLEEEEING.
 14986 | Lair:3   | 14986 ||| FLEEEEING.
 14987 | Lair:3   | 14987 ||| INVOKING Heroism.
 15001 | Lair:3   | 15001 ||| INVOKING Heroism.
 15090 | Lair:3   | 15090 ||| INVOKING Heroism.
 15170 | Lair:3   | 15170 ||| INVOKING Heroism.
 15172 | Lair:3   | 15172 ||| Stepping ~*~*~tactically~*~*~ (stealth).
 15337 | Lair:3   | Found a transporter.
 15340 | Lair:3   | Found a transporter.
 15366 | Lair:3   | 15366 ||| INVOKING Heroism.
 15439 | Lair:3   | 15439 ||| INVOKING Heroism.
 15602 | Lair:3   | 15602 ||| INVOKING Heroism.
 15766 | Lair:3   | 15766 ||| DRINKING 2 fuming brown potions.
 15903 | Lair:3   | 15903 ||| DROPPING potion of berserk rage.
 16077 | Lair:4   | 16077 ||| INVOKING Heroism.
 16252 | Lair:4   | 16252 ||| INVOKING Heroism.
 16405 | Lair:4   | 16405 ||| INVOKING Heroism.
 16409 | Lair:4   | 16409 ||| SWAPPING to +5 morningstar.
 16416 | Lair:4   | 16416 ||| SWAPPING to +1 heavy war axe.
 16587 | Lair:4   | 16587 ||| INVOKING Heroism.
 16599 | Lair:4   | HP: 21/84 [cane toad (14)]
 16600 | Lair:4   | 16600 ||| READING 2 scrolls of teleportation.
 17097 | Lair:5   | Entered Level 5 of the Lair of Beasts
 17098 | Lair:5   | 17098 ||| INVOKING Heroism.
 17108 | Lair:5   | Reached skill level 9 in Invocations
 17265 | Lair:5   | Reached ***** piety under Okawaru
 17322 | Lair:5   | 17322 ||| INVOKING Heroism.
 17327 | Lair:5   | 17327 ||| Stepping ~*~*~tactically~*~*~ (stealth).
 17328 | Lair:5   | 17328 ||| Stepping ~*~*~tactically~*~*~ (stealth).
 17330 | Lair:5   | 17330 ||| Stepping ~*~*~tactically~*~*~ (stealth).
 17349 | Lair:5   | 17349 ||| Stepping ~*~*~tactically~*~*~ (stealth).
 17351 | Lair:5   | 17351 ||| INVOKING Heroism.
 17354 | Lair:5   | Received a gift from Okawaru
 17365 | Lair:5   | 17365 ||| Stepping ~*~*~tactically~*~*~ (stealth).
 17368 | Lair:5   | 17368 ||| Stepping ~*~*~tactically~*~*~ (hiding).
 17371 | Lair:5   | 17371 ||| INVOKING Heroism.
 17386 | Lair:5   | 17386 ||| INVOKING Heroism.
 17419 | Lair:5   | 17419 ||| INVOKING Heroism.
 17420 | Lair:5   | Received a gift from Okawaru
 17421 | Lair:5   | Gained mutation: Your large and strong wings let you fly.
                  | [Gargoyle growth]
 17421 | Lair:5   | Reached XP level 14. HP: 64/90 MP: 18/21
 17426 | Lair:5   | Reached skill level 15 in Axes
 17440 | Lair:5   | 17440 ||| Stepping ~*~*~tactically~*~*~ (hiding).
 17441 | Lair:5   | 17441 ||| Stepping ~*~*~tactically~*~*~ (hiding).
 17445 | Lair:5   | Killed from afar by a ynoxinul

Levels and vault maps discovered:
D:1:      tarquinn_simple_flora_water_b, layout_loops_corners,
          serial_bayou_lagoon_a, minmay_surrounded
D:2:      layout_loops_ring, serial_undead, serial_undead_e, serial_undead_d,
          serial_undead_e, serial_undead_d
D:3:      layout_rooms, nemelex_dance_club_becter,
          shapermc_ecumenical_altar_mp_ritualfount
D:4:      layout_basic, minitemple, mainiacjoe_overflow_paths
D:5:      layout_rooms, evilmike_ruin_ashenzari, nzn_wu_jian_council_hall,
          mainiacjoe_overflow_24_doors, st_stairs_2
D:6:      layout_loops_corners, nicolae_overflow_crystal_walls,
          mainiacjoe_overflow_surrounded_room,
          nicolae_shop_distant_corner_stores, wad_floor_pattern_untrapped,
          uniq_sigmund, uniq_duvessa
D:7:      layout_basic, fedhas_bush_and_centaur_altar,
          mainiacjoe_overflow_concentric_impassable, kennysheep_vampire_church,
          nicolae_elyvilon_temple_path, minmay_temple_entry_crystal_x
D:8:      layout_cave_pools, mainiacjoe_overflow_brackets, enter_bailey_4,
          uniq_pikel
D:9:      layout_irregular_city, mainiacjoe_overflow_chevrons,
          lemuel_doored_altar, minmay_stone_trees_small
D:10:     layout_layer_cave, david_orc_5, grunt_decor_junction,
          hangedman_decor_growths
D:11:     layout_basic, due_lair_maze_entry_diamond
Temple:   nicolae_temple_bog_church
Lair:1:   layout_loops_ring, serial_bayou_shore_a, grunt_megastairs_1
Lair:2:   layout_cave_pods, minmay_swamp_entry_reptiles,
          minmay_snake_entry_guardpost_small, portal_ice_cave_demonic_guard
Lair:3:   gammafunk_boulding_lane, layout_regular_city, ice2_lemuel,
          grunt_megastairs_4
Lair:4:   layout_hall_layers, chequers_serial_rivers_large_a
Lair:5:   hellmonk_lair_end_abyssal_woods, layout_layer_cave,
          nicolae_slime_entry_slimehenge, enter_volcano_3, basic_altar,
          grunt_megastairs_3, uniq_sonja

Skill      XL: |  1  2  3  4  5  6  7  8  9 10 11 12 13 14 |
---------------+-------------------------------------------+-----
Axes           | 2 3 5 6 7 9 10 11 12 14 15 | 15.0
Fighting       | 4 5 6 7 8 10 11 | 11.0
Dodging        | 1 2 |  2.2
Armour         | 4 6 8 9 10 11 | 11.0
Throwing       | 1 2 |  2.2
Shields        | 4 6 7 |  7.1
Invocations    | 4 9 |  9.9

Action                     |  1- 3 |  4- 6 |  7- 9 | 10-12 | 13-15 || total
---------------------------+-------+-------+-------+-------+-------++-------
  Melee: War axe           |   104 |   121 |   344 |   703 |   245 ||  1517
         Morningstar       |       |       |       |       |     6 ||     6
  Throw: Boomerang         |     3 |    45 |    64 |    93 |       ||   205
         Javelin           |       |       |       |       |     1 ||     1
 Invoke: Heroism           |       |       |       |    24 |    18 ||    42
    Use: Scroll            |     7 |     6 |     5 |     5 |     1 ||    24
         Potion            |       |     3 |     4 |     1 |     1 ||     9
 Armour: Scale mail        |    24 |       |       |       |       ||    24
         Chain mail        |    18 |   100 |   293 |    27 |       ||   438
         Plate armour      |       |       |       |   521 |   199 ||   720
  Dodge: Dodged            |    39 |    68 |   172 |   261 |   120 ||   660
  Block: Buckler           |    28 |    30 |    81 |   193 |    73 ||   405

Table legend:
 A = Non-vault XP
 B = Vault XP
 C = Vault XP percentage of total XP
 D = Non-vault monster count
 E = Vault monster count
 F = Vault count percentage of total count
                 A         B        C        D         E       F
            +---------+---------+-------+---------+---------+-------
      Total |   42858 |   12350 |  22.4 |     342 |     110 |  24.3
            +---------+---------+-------+---------+---------+-------
        D:1 |      31 |       9 |  22.5 |      18 |       5 |  21.7
        D:2 |      59 |      20 |  25.3 |      18 |       7 |  28.0
        D:3 |     160 |       5 |   3.0 |      16 |       2 |  11.1
        D:4 |     238 |       0 |   0.0 |      19 |       0 |   0.0
        D:5 |     556 |     120 |  17.8 |      10 |       2 |  16.7
        D:6 |    1123 |     559 |  33.2 |      26 |       4 |  13.3
        D:7 |    1476 |     122 |   7.6 |      31 |       7 |  18.4
        D:8 |     751 |     709 |  48.6 |      16 |       6 |  27.3
        D:9 |    5786 |       0 |   0.0 |      53 |       0 |   0.0
       D:10 |    1648 |     885 |  34.9 |      14 |      24 |  63.2
       D:11 |    2480 |    1509 |  37.8 |      15 |      10 |  40.0
     Lair:1 |    3348 |     305 |   8.3 |      16 |       3 |  15.8
     Lair:2 |    6600 |    1983 |  23.1 |      24 |      10 |  29.4
     Lair:3 |    7930 |    2505 |  24.0 |      26 |      12 |  31.6
     Lair:4 |    6238 |       0 |   0.0 |      25 |       0 |   0.0
     Lair:5 |    4434 |    3619 |  44.9 |      15 |      18 |  54.5
            +---------+---------+-------+---------+---------+-------
